 Dungeon Crawl Stone Soup version 0.21-a0-91-ga5031da (webtiles) character file.

5158 Lavandula the Quickloader (level 10, -3/70 HPs)
             Began as a Mummy Arcane Marksman on June 29, 2017.
             Was a Follower of Kikubaaqudgha.
             Slain by a blink frog (10 damage)
             ... on level 1 of the Lair of Beasts on June 30, 2017.
             The game lasted 00:47:07 (6055 turns).

Lavandula the Quickloader (Mummy Arcane Marksman)   Turns: 6055, Time: 00:47:07

Health: -3/70      AC: 14    Str: 14    XL:     10   Next: 33%
Magic:  3/19       EV: 14    Int: 15    God:    Kikubaaqudgha [*.....]
Gold:   435        SH:  0    Dex: 14    Spells: 3/22 levels left

rFire    . . .     SeeInvis .   x - +2 quarterstaff (chaos)
rCold    + . .     Gourm    .   (shield currently unavailable)
rNeg     + + +     Faith    .   J - +5 leather armour of Parlour Games {rPois Regen+ Int-5 Stlth+}
rPois    ∞         Spirit   .   G - +2 helmet
rElec    .         Reflect  .   f - +2 cloak
rCorr    .         Harm     .   (no gloves)
MR       +....                  (no boots)
Stlth    ++........             (no amulet)
HPRegen  0.61/turn              P - ring "Muveg" {rF+ Int+4 Dex+2}
MPRegen  0.16/turn              A - ring of wizardry

@: no status effects
A: no food or potions, fire vulnerability, cold resistance 1, negative energy
resistance 3, torment resistance, unbreathing
a: Receive Corpses, Renounce Religion


You were on level 1 of the Lair of Beasts.
You worshipped Kikubaaqudgha.
Kikubaaqudgha was aware of your devotion.
You were not hungry.

You visited 3 branches of the dungeon, and saw 12 of its levels.
You also visited: Sewer.

You collected 570 gold pieces.
You spent 135 gold pieces at shops.

Inventory:

Hand Weapons
 a - a +2 hand crossbow
 k - a +0 dagger of venom
 s - a +1 short sword of venom
 t - a +0 trident of freezing
 x - a +2 quarterstaff of chaos (weapon)
 B - a +2 dagger of venom
 E - a +1 whip of electrocution
 M - a +5 scimitar
 N - a +4 scimitar of freezing
Missiles
 d - 55 bolts
 K - 5 javelins (quivered)
Armour
 f - a +2 cloak (worn)
 g - a scarf of repulsion
 G - a +2 helmet (worn)
 I - a +0 troll leather armour
 J - the +5 leather armour of Parlour Games (worn) {rPois Regen+ Int-5 Stlth+}
   (You found it on level 7 of the Dungeon)

   It affects your intelligence (-5).
   It protects you from poison.
   It increases your rate of regeneration.
   It makes you more stealthy.
Jewellery
 n - an uncursed ring of ice
 y - an uncursed ring of protection from cold
 z - an uncursed ring of flight
 A - a ring of wizardry (right hand)
 H - an uncursed ring of stealth
 P - the ring "Muveg" (left hand) {rF+ Int+4 Dex+2}
   (You found it on level 8 of the Dungeon)

   [ring of intelligence]

   It affects your intelligence (+4).
   It affects your dexterity (+2).
   It protects you from fire.
Wands
 j - a wand of paralysis (2/24)
 D - a wand of digging (9/24)
 L - a wand of iceblast (5/15)
 Q - a wand of flame (18/48)
Scrolls
 h - 4 scrolls of magic mapping
 l - a scroll of immolation
 m - 5 scrolls of identify
 o - a scroll of fog
 p - 3 scrolls of remove curse
 q - a scroll of blinking
 r - a scroll of fear
 u - 4 scrolls of recharging
 w - 2 scrolls of teleportation
 C - a scroll of amnesia
Books
 b - Kikubaaqudgha's Volume of Darkness
   (Kikubaaqudgha gifted it to you on level 1 of the Lair of Beasts)

   Spells                             Type                      Level
   a - Animate Skeleton               Necromancy                   1
   b - Pain                           Necromancy                   1
   c - Corpse Rot                     Necromancy                   2
   d - Vampiric Draining              Necromancy                   3
   e - Control Undead                 Necromancy                   4
 c - a book of Debilitation

   Spells                             Type                      Level
   a - Corona                         Hexes                        1
   b - Slow                           Hexes                        2
   c - Inner Flame                    Hexes/Fire                   3
   d - Portal Projectile              Hexes/Translocation          3
   e - Cause Fear                     Hexes                        4
   f - Leda's Liquefaction            Hexes/Earth                  4
 e - a book of Geomancy

   Spells                             Type                      Level
   a - Sandblast                      Earth                        1
   b - Passwall                       Transmutation/Earth          2
   c - Stone Arrow                    Conjuration/Earth            3
   d - Petrify                        Transmutation/Earth          4
   e - Lee's Rapid Deconstruction     Earth                        5
 v - a book of Misfortune

   Spells                             Type                      Level
   a - Confusing Touch                Hexes                        1
   b - Confuse                        Hexes                        3
   c - Gell's Gravitas                Translocation                3
   d - Petrify                        Transmutation/Earth          4
   e - Metabolic Englaciation         Hexes/Ice                    5
   f - Yara's Violent Unravelling     Hexes/Transmutation          5
 O - a book of Maledictions

   Spells                             Type                      Level
   a - Corona                         Hexes                        1
   b - Ensorcelled Hibernation        Hexes/Ice                    2
   c - Confuse                        Hexes                        3
   d - Tukima's Dance                 Hexes                        3
   e - Dazzling Spray                 Conjuration/Hexes            3


   Skills:
 - Level 3.1 Fighting
 + Level 5.0 Staves
 - Level 8.3 Crossbows
 - Level 4.6 Dodging
 - Level 6.5 Spellcasting
 - Level 3.0 Hexes
 - Level 3.8 Necromancy
 - Level 2.3 Translocations
 - Level 2.1 Evocations


You had 3 spell levels left.
You knew the following spells:

 Your Spells              Type           Power        Failure   Level  Hunger
a - Corona                Hex            ##.....      1%          1    N/A
b - Slow                  Hex            ##......     3%          2    N/A
c - Confuse               Hex            ##......     6%          3    N/A
d - Cause Fear            Hex            ##........   21%         4    N/A
e - Passwall              Tmut/Erth      #.........   11%         2    N/A
f - Gell's Gravitas       Tloc           ##........   9%          3    N/A
g - Animate Skeleton      Necr           N/A          1%          1    N/A
h - Vampiric Draining     Necr           ###.......   4%          3    N/A

Dungeon Overview and Level Annotations

Branches:
Dungeon (10/15)            Temple (1/1) D:7            Lair (1/6) D:8
    Orc: D:9-12

Altars:
Ashenzari
Cheibriados
Dithmenos
Elyvilon
Fedhas
Gozag
Hepliaklqana
Kikubaaqudgha
Makhleb
Nemelex Xobeh
Okawaru
Qazlal
Ru
Sif Muna
Trog
Uskayaw
Vehumet
Wu Jian
Xom
Yredelemnul
Zin
The Shining One

Shops:
D:4 ?

Annotations:
D:8 Gastronok
D:9 dricus's ghost, novice DECj


Innate Abilities, Weirdness & Mutations

You do not eat or drink.
Your flesh is vulnerable to fire.
You are immune to poison.
Your flesh is cold resistant. (rC+)
You are immune to negative energy. (rN+++)
You are immune to unholy pain and torment.
You can survive without breathing.


Message History

Confirm with . or Enter, or press ? or * to list all spells.
You attempt to give life to the dead...
Before your eyes, flesh is ripped from the corpse!
The dead are hopping!
The blink frog blinks!
The blink frog barely misses you.
You see here 2 inedible chunks of flesh.
You miss the blink frog.
The blink frog is severely wounded.
The blink frog closely misses you.
Your spiny frog skeleton completely misses the blink frog.
You closely miss the blink frog.
The blink frog is severely wounded.
The blink frog hits you!
* * * LOW HITPOINT WARNING * * *
The blink frog blinks!
You swap places.
The blink frog blinks!
The blink frog barely misses you.
Your magical contamination has completely faded away.
You see here a basilisk corpse.
The blink frog hits you!
You die...
Kikubaaqudgha rasps: "You have failed me!
Welcome... oblivion!"

###### ###
#..#P#######.########
#....................
##........(...........
#P....................
##....F†........>.....
#....@#Z######.##+P#..
##...#### #.#...#..
##...# #.#%.....
#....#########.#......
#..................#..
##.####........#......
#.## #........#####..
#..# ................
##.## #.##+#+.........


You could see a blink frog.

Vanquished Creatures
  Pikel (D:5)
  2 komodo dragons (Lair:1)
  A troll (D:6)
  A blink frog (Lair:1)
  Grinder (D:4)
  A hippogriff (Lair:1)
  3 yaks (Lair:1)
  A naga (shapeshifter) (Lair:1)
  2 water moccasins (Lair:1)
  3 porcupines
  An orc warrior (D:8)
  A black bear (D:6)
  An ice beast (D:5)
  An ogre (D:7)
  2 phantoms (D:5)
  A necrophage (D:7)
  2 centaurs
  A crocodile (Lair:1)
  5 big kobolds
  7 bullfrogs
  3 wights (D:8)
  2 crimson imps
  2 hounds
  A centaur skeleton (D:5)
  A jelly (D:5)
  Crazy Yiuf (D:3)
  A bullfrog skeleton (D:4)
  4 iguanas
  2 orc wizards
  4 worker ants
  A killer bee zombie (D:8)
  A worker ant zombie (D:7)
  A howler monkey skeleton (D:4)
  7 adders
  A shadow imp (D:8)
  3 oozes
  A dart slug (D:1)
  8 leopard geckos
  9 orcs
  7 bats
  8 giant cockroaches
  6 goblins
  2 hobgoblins (D:2)
  7 jackals
  14 kobolds
  A quokka (D:8)
  2 ball pythons (Sewer)
  3 frilled lizards
  A leopard gecko zombie (D:5)
  6 rats
  2 fungi
150 creatures vanquished.

Vanquished Creatures (collateral kills)
  A bullfrog (Lair:1)
1 creature vanquished.

Vanquished Creatures (others)
  4 fungi
  A plant (Lair:1)
5 creatures vanquished.

Grand Total: 156 creatures vanquished

Notes
Turn   | Place    | Note
-------+----------+-------------------------------------------
     0 | D:1      | Lavandula the Mummy Arcane Marksman began the quest for the Orb.
     0 | D:1      | Reached XP level 1. HP: 15/15 MP: 2/2
   156 | D:1      | Reached XP level 2. HP: 11/21 MP: 2/4
   246 | D:1      | Reached skill level 2 in Crossbows
   544 | D:3      | Reached XP level 3. HP: 14/26 MP: 5/5
   547 | D:3      | Reached skill level 3 in Crossbows
   575 | D:3      | Learned a level 2 spell: Slow
   605 | D:2      | Found a hide-covered altar of Uskayaw.
   849 | D:4      | Found Cigit's Magic Scroll Emporium.
   853 | D:4      | Reached XP level 4. HP: 28/32 MP: 5/7
   867 | D:4      | Learned a level 3 spell: Confuse
   872 | D:4      | Learned a level 4 spell: Cause Fear
   923 | D:4      | Bought a scroll of teleportation for 30 gold pieces
  1022 | D:3      | Found a runed door.
  1026 | D:3      | Noticed Crazy Yiuf
  1037 | D:3      | Killed Crazy Yiuf
  1037 | D:3      | Reached XP level 5. HP: 29/37 MP: 9/11
  1094 | D:4      | Bought a scroll of remove curse for 30 gold pieces
  1176 | D:4      | Found a hazy altar of Hepliaklqana.
  1176 | D:4      | Found a stormy altar of Qazlal.
  1177 | D:4      | Found an iron altar of Okawaru.
  1178 | D:4      | Found a shattered altar of Ashenzari.
  1414 | D:4      | Noticed Grinder
  1430 | D:4      | Killed Grinder
  1430 | D:4      | Reached skill level 5 in Crossbows
  1430 | D:4      | Reached XP level 6. HP: 35/43 MP: 12/12
  1501 | D:4      | Bought a scroll of enchant armour for 75 gold pieces
  1533 | D:5      | Entered Level 5 of the Dungeon
  1688 | D:5      | Reached skill level 1 in Staves
  1749 | D:5      | Reached XP level 7. HP: 34/48 MP: 13/13
  1979 | D:6      | Found a glowing drain.
  2007 | Sewer    | Entered a sewer
  2529 | D:5      | Reached XP level 8. HP: 58/58 MP: 8/14
  2542 | D:5      | Noticed Pikel
  2561 | D:5      | Killed Pikel
  3275 | D:6      | Reached skill level 6 in Crossbows
  3297 | D:6      | Noticed a troll
  3307 | D:6      | Killed a troll
  3307 | D:6      | Reached XP level 9. HP: 63/63 MP: 15/15
  3449 | D:6      | Learned a level 2 spell: Passwall
  3587 | D:7      | Found a bloodstained altar of Trog.
  3618 | D:7      | Got an ichor-stained leather armour
  3629 | D:7      | Identified the +5 leather armour of Parlour Games {rPois Regen+ Int-5 Stlth+} (You found it on level 7 of the Dungeon)
  3715 | D:7      | Reached skill level 7 in Crossbows
  3962 | D:7      | Found a staircase to the Ecumenical Temple.
  3967 | Temple   | Entered the Ecumenical Temple
  4156 | Temple   | Became a worshipper of Kikubaaqudgha
  4327 | D:8      | Found a basalt altar of Yredelemnul.
  4345 | D:8      | Reached skill level 8 in Crossbows
  4664 | D:8      | Got a steaming golden ring
  4666 | D:8      | Identified the ring "Muveg" {rF+ Int+4 Dex+2} (You found it on level 8 of the Dungeon)
  4671 | D:8      | Learned a level 3 spell: Gell's Gravitas
  4798 | D:8      | Reached skill level 1 in Translocations
  4930 | D:10     | Entered Level 10 of the Dungeon
  5116 | D:9      | Noticed dricus's ghost (novice DECj)
  5183 | D:8      | Found a staircase to the Lair.
  5294 | D:8      | Noticed Gastronok
  5545 | D:8      | Reached skill level 5 in Spellcasting
  5578 | Lair:1   | Entered Level 1 of the Lair of Beasts
  5593 | Lair:1   | Noticed a komodo dragon
  5612 | Lair:1   | Killed a komodo dragon
  5612 | Lair:1   | Reached * piety under Kikubaaqudgha
  5612 | Lair:1   | Identified Kikubaaqudgha's Volume of Darkness (Kikubaaqudgha gifted it to you on level 1 of the Lair of Beasts)
  5612 | Lair:1   | Received a gift from Kikubaaqudgha
  5619 | Lair:1   | Learned a level 1 spell: Animate Skeleton
  5623 | Lair:1   | Learned a level 3 spell: Vampiric Draining
  5673 | Lair:1   | Reached skill level 1 in Necromancy
  5676 | Lair:1   | Noticed a komodo dragon
  5689 | Lair:1   | Reached XP level 10. HP: 62/70 MP: 19/19
  5819 | Lair:1   | Noticed a seven-headed hydra
  6030 | Lair:1   | Reached skill level 5 in Staves
  6055 | Lair:1   | Slain by a blink frog

Vault maps used:
D:1:      nicolae_arrival_memento_mori, minivault_11
D:2:      eat_drink_and_be_merry_uskayaw, first_bread, uniq_sigmund
D:3:      uniq_crazy_yiuf_cottage
D:4:      chequers_temple_overflow_statue_of_worship, serial_shops, shop,
          uniq_grinder
D:5:      kennysheep_diamond, serial_bayou_ford_a, minivault_23,
          hangedman_decor_points, hangedman_decor_opposing,
          kennysheep_cross_bottleneck, serial_park_tiny_2, minivault_25,
          uniq_pikel
D:6:      portal_sewer_entry_f
D:7:      overflow_temple_1_default, minmay_temple_entry_statues_pillars
D:8:      lemuel_round_altar, grunt_lair_entry_orc_guard_hut,
          blue_anna_alchemist, uniq_gastronok
D:9:      serial_bayou_pond_b
D:10:     orc_0_dummy, dk_rats_in_the_wall
Temple:   regret_index_temple_generic_petals
Lair:1:   beast_lair_carwin_large_4
Sewer:    kennysheep_pipe_town

Skill      XL: |  1  2  3  4  5  6  7  8  9 10 |
---------------+-------------------------------+-----
Hexes          | 3 |  3.0
Crossbows      | 2 3 5 6 8 |  8.3
Spellcasting   | 2 4 6 |  6.5
Staves         | 2 3 5 |  5.0
Fighting       | 3 |  3.1
Dodging        | 2 4 |  4.6
Evocations     | 2 |  2.1
Translocations | 1 2 |  2.3
Necromancy     | 1 3 |  3.8

Action                   |  1- 3 |  4- 6 |  7- 9 | 10-12 || total
-------------------------+-------+-------+-------+-------++-------
Melee: Short sword       |    17 |    22 |     8 |       ||    47
       Dagger            |     2 |       |       |       ||     2
       Quarterstaff      |       |    56 |   316 |    79 ||   451
 Fire: Hand crossbow     |    50 |    16 |   128 |       ||   194
 Cast: Corona            |     9 |     3 |    11 |       ||    23
       Slow              |       |     3 |    14 |       ||    17
       Confuse           |       |       |     5 |     5 ||    10
       Animate Skeleton  |       |       |     1 |     9 ||    10
       Vampiric Draining |       |       |       |     4 ||     4
       Gell's Gravitas   |       |       |       |     2 ||     2
Invok: Receive Corpses   |       |       |       |     2 ||     2
Evoke: Wand              |       |     2 |    12 |     1 ||    15
  Use: Scroll            |     4 |     6 |    13 |     2 ||    25
 Stab: Paralysed         |       |     8 |    37 |       ||    45
       Petrified         |       |       |     3 |       ||     3
       Sleeping          |       |       |     2 |       ||     2
       Confused          |       |       |     1 |       ||     1
       Petrifying        |       |       |     1 |       ||     1
Armor: Robe              |     9 |    10 |    47 |       ||    66
       Leather armour    |       |       |    41 |    38 ||    79
       Troll leather arm |       |       |    12 |       ||    12
Dodge: Dodged            |    32 |    38 |   248 |    73 ||   391
